Map: Ascension to Aiur LE

Players

JonSnow

  • Race: Zerg Zerg
  • Spawn Location: 11:00

Cloudy - Winner!

  • Race: Protoss Protoss
  • Spawn Location: 5:00

Event: WCS Valencia 2017

VOD

Have the link to the VOD?

Description

Time

  • Played on: July 13, 2017, 2:38 p.m.
  • Length: 20:11

All games in this series

Show
View Real Time Build Order
Export as new Build Order

JonSnow Zerg 

Build Orders: Hatch First 

Get SALT Encoding   

  12  0:00  Drone  
  13  0:12  Overlord  
  13  0:17  Drone  
  14  0:30  Drone x2  
  14  0:35  Drone  
  17  0:51  Hatchery  
  17  0:55  Drone  
  17  0:58  Drone  
  18  1:09  Extractor  
  17  1:15  Spawning Pool  
  17  1:18  Drone  
  17  1:20  Drone  
  18  1:28  Overlord  
  18  1:38  Drone  
  19  2:01  Queen  
  19  2:02  Zergling x4  
  19  2:03  Queen  
  19  2:04  Drone  
  26  2:11  Metabolic Boost  
  26  2:13  Drone  
  27  2:17  Drone  
  28  2:38  Hatchery  
  28  2:42  Drone x2  
  29  2:49  Zergling x2  
  29  2:50  Zergling x2  
  29  2:51  Drone  
  31  2:54  Drone  
  32  2:59  Pneumatized Carapace  
  32  3:03  Drone  
  33  3:09  Drone x2  
  33  3:12  Overlord  
  35  3:22  Drone  
  36  3:28  Overlord  
  36  3:30  Queen  
  36  3:33  Drone  
  36  3:34  Drone x3  
  41  3:41  Drone  
  41  3:44  Drone  
  43  3:51  Drone x2  
  43  3:53  Spore Crawler  
  43  3:55  Spore Crawler  
  43  4:02  Queen  
  43  4:05  Spore Crawler  
  43  4:07  Drone x2  
  43  4:08  Zergling x6  
  49  4:12  Extractor  
  48  4:18  Zergling x4  
  48  4:19  Spore Crawler  
  48  4:21  Drone x3  
  48  4:22  Drone  
  53  4:28  Evolution Chamber  
  53  4:30  Drone x3  
  55  4:32  Drone x2  
  55  4:36  Overlord  
  57  4:40  Overlord  
  57  4:46  Overlord  
  57  4:47  Overlord  
  57  4:52  Lair  
  57  5:00  Zerg Melee Weapons Level 1  
  57  5:03  Baneling Nest  
  56  5:10  Drone  
  56  5:11  Drone x7  
  64  5:14  Drone x3  
  64  5:17  Overlord  
  67  5:28  Drone x8  
  74  5:30  Extractor  
  74  5:34  Overlord  
  74  5:35  Drone x2  
  75  5:36  Drone  
  75  5:37  Extractor  
  75  5:39  Extractor  
  75  5:41  Drone  
  75  5:44  Extractor x2  
  75  5:48  Overlord  
  73  5:53  Hydralisk Den  
  72  5:58  Hatchery  
  72  6:01  Drone  
  72  6:02  Drone, Overlord  
  73  6:04  Drone x3  
  73  6:05  Drone x2  
  78  6:15  Spore Crawler  
  78  6:17  Drone x4  
  79  6:18  Centrifical Hooks  
  79  6:25  Hatchery, Muscular Augments  
  77  6:29  Drone  
  77  6:30  Drone  
  77  6:31  Drone x2  
  80  6:39  Hydralisk x4  
  89  6:42  Overlord  
  89  6:45  Drone  
  90  6:48  Drone x4  
  90  6:51  Drone x2  
  96  6:57  Hydralisk x2  
  96  6:59  Zerg Melee Weapons Level 2  
  100  7:07  Hydralisk x4  
  108  7:08  Zergling x2  
  108  7:09  Zergling x2  
  108  7:12  Drone  
  108  7:13  Drone x2  
  108  7:15  Hydralisk  
  113  7:16  Zergling x4  
  113  7:19  Zergling x2  
  115  7:27  Hydralisk x3  
  120  7:37  Zergling x20  
  121  7:40  Baneling x4  
  121  7:41  Hydralisk  
  121  7:42  Zergling x2  
  133  7:46  Hydralisk x2  
  133  7:47  Zergling x2  
  133  7:48  Zergling x2  
  139  7:56  Hydralisk  
  141  8:00  Overlord x3  
  141  8:01  Overlord  
  141  8:08  Baneling x12  
  141  8:11  Baneling  
  141  8:12  Baneling  
  141  8:14  Overlord  
  141  8:18  Hydralisk  
  141  8:19  Hydralisk x4  
  151  8:20  Zergling x2  
  151  8:25  Drone x6  
  153  8:33  Hydralisk x4  
  153  8:34  Zergling x2  
  146  8:36  Hydralisk  
  146  8:37  Zergling x2  
  140  8:44  Hydralisk x4  
  146  8:49  Overseer  
  146  8:50  Spine Crawler  
  146  8:51  Spore Crawler  
  146  8:52  Hydralisk x2  
  146  8:53  Zergling x2  
  149  9:02  Zergling x8  
  153  9:03  Zergling x10  
  153  9:06  Extractor  
  155  9:11  Zergling x2  
  155  9:12  Zergling x8  
  155  9:13  Queen  
  162  9:17  Zergling x8  
  162  9:20  Baneling  
  162  9:24  Zergling x8  
  167  9:28  Zergling x12  
  167  9:31  Baneling x16  
  176  9:35  Baneling x3  
  174  9:38  Zergling x2  
  174  9:39  Zergling x6  
  174  9:44  Zergling x2  
  174  9:45  Zergling x4  
  181  9:50  Hydralisk x2  
  179  9:56  Hydralisk x3  
  179  9:57  Zergling x2  
  182  10:00  Zergling x2  
  182  10:03  Overlord  
  177  10:08  Overlord  
  177  10:14  Hydralisk x2  
  176  10:15  Zergling x2  
  176  10:18  Zerg Missile Weapons Level 1  
  180  10:22  Infestation Pit  
  180  10:23  Zergling x22  
  180  10:28  Baneling x12  
  190  10:29  Baneling x7  
  190  10:33  Hatchery  
  190  10:34  Baneling x4  
  189  10:36  Zergling x6  
  189  10:37  Zergling x4  
  189  10:41  Baneling x4  
  189  10:42  Baneling x2  
  194  10:48  Zergling x2  
  194  10:49  Zergling x12  
  195  10:50  Overlord  
  195  10:54  Overlord  
  193  11:00  Hive  
  193  11:01  Spire  
  193  11:02  Zergling x2  
  171  11:16  Hydralisk x4  
  171  11:17  Hydralisk x5  
  179  11:20  Drone x2  
  179  11:21  Drone  
  179  11:22  Drone  
  181  11:28  Overlord  
  181  11:35  Drone  
  181  11:36  Drone x3  
  181  11:37  Drone x5  
  190  11:43  Zergling x2  
  190  11:44  Extractor, Zergling x6  
  190  11:46  Baneling  
  193  11:47  Baneling x10  
  193  11:48  Baneling x2  
  193  11:49  Baneling  
  190  12:03  Overlord  
  190  12:04  Overlord  
  188  12:10  Zergling x20  
  188  12:11  Zergling x2  
  197  12:20  Greater Spire, Adrenal Glands  
  197  12:21  Zerg Melee Weapons Level 3  
  183  12:24  Zergling x18  
  185  12:32  Zergling x10  
  180  12:54  Baneling x16  
  180  12:55  Baneling x13, Zergling x2  
  180  12:56  Zergling x18  
  190  13:05  Corruptor x3  
  195  13:13  Corruptor  
  197  13:25  Baneling  
  197  13:26  Baneling x6  
  196  13:27  Zergling x2  
  196  13:28  Zergling x4  
  199  13:35  Overlord  
  180  13:41  Brood Lord  
  180  13:42  Brood Lord x2  
  180  13:43  Zergling x26  
  194  13:49  Zergling x14  
  200  14:05  Extractor  
  200  14:06  Extractor  
  198  14:10  Zergling x2  
  198  14:16  Hatchery  
  194  14:25  Corruptor x2, Brood Lord  
  196  14:35  Corruptor x5  
  198  14:39  Overseer x2  
  198  14:42  Baneling x7  
  198  14:43  Baneling x3  
  197  14:45  Queen  
  198  15:04  Brood Lord x2  
  197  15:10  Brood Lord  
  194  15:41  Corruptor x3  
  200  15:47  Overseer  
  200  15:48  Overseer  
  200  16:01  Zerg Missile Weapons Level 2, Pathogen Glands  
  200  16:09  Burrow  
  200  16:17  Hatchery  
  199  16:26  Hatchery  
  198  16:36  Spore Crawler  
  198  16:37  Spore Crawler x2  
  198  16:38  Spore Crawler x2  
  198  16:39  Spore Crawler  
  180  16:40  Spore Crawler  
  180  16:43  Corruptor x3  
  180  16:44  Corruptor  
  180  16:45  Infestor x7  
  199  16:58  Neural Parasite  
  199  17:11  Spore Crawler  
  199  17:12  Spore Crawler  
  199  17:13  Corruptor x3, Spore Crawler  
  195  17:21  Zerg Flyer Armor Level 1  
  191  17:27  Corruptor  
  191  17:33  Spore Crawler, Extractor  
  191  17:34  Spore Crawler  
  171  17:40  Hydralisk x5  
  171  17:41  Hydralisk x4  
  171  17:42  Zergling x2  
  163  17:54  Drone x10  
  163  17:58  Zergling x16  
  178  18:05  Infestor x2  
  182  18:14  Corruptor  
  182  18:18  Infestor  
  160  18:35  Infestor x4  
  160  18:39  Zergling x4  
  160  18:40  Zergling x2  
  168  18:50  Overseer  
  168  18:53  Corruptor  
  168  18:54  Corruptor  
  167  19:14  Infestor  
  167  19:15  Extractor  
  167  19:16  Extractor  
  167  19:18  Brood Lord  
  167  19:21  Infestor x8  
  167  19:23  Drone  
  167  19:24  Drone x3  
  173  19:29  Corruptor  
  175  19:35  Spore Crawler, Zergling x26  
  186  19:41  Overseer x2  
Show
View Real Time Build Order
Export as new Build Order

Cloudy Protoss - Winner!

Build Orders: 1 Gate Expand, Oracle Opening 

Get SALT Encoding   

  12  0:01  Probe (Chrono Boost)  
  13  0:12  Probe (Chrono Boost)  
  14  0:17  Pylon  
  14  0:22  Probe (Chrono Boost)  
  15  0:36  Probe (Chrono Boost)  
  15  0:39  Gateway  
  16  0:43  Assimilator  
  16  0:46  Probe (Chrono Boost)  
  18  0:57  Probe (Chrono Boost)  
  18  1:07  Probe (Chrono Boost)  
  19  1:21  Nexus  
  19  1:30  Cybernetics Core  
  19  1:34  Probe (Chrono Boost)  
  20  1:40  Assimilator  
  20  1:44  Probe (Chrono Boost)  
  21  1:51  Pylon  
  21  1:55  Probe (Chrono Boost)  
  22  2:05  Probe (Chrono Boost)  
  23  2:09  Warp Gate, Adept (Chrono Boost)  
  25  2:16  Probe  
  26  2:28  Probe (Chrono Boost)  
  27  2:31  Stargate  
  27  2:33  Probe (Chrono Boost)  
  28  2:37  Adept (Chrono Boost)  
  28  2:39  Probe  
  31  2:44  Probe (Chrono Boost)  
  31  2:50  Probe (Chrono Boost)  
  33  2:56  Probe (Chrono Boost)  
  34  3:01  Probe (Chrono Boost)  
  35  3:07  Probe (Chrono Boost)  
  35  3:12  Probe (Chrono Boost), Adept  
  39  3:14  Oracle (Chrono Boost)  
  39  3:16  Probe  
  43  3:23  Probe  
  43  3:26  Probe, Gateway  
  45  3:35  Probe  
  45  3:40  Nexus  
  46  3:45  Pylon  
  46  3:56  Pylon  
  46  4:02  Probe  
  46  4:03  Probe  
  46  4:04  Oracle (Chrono Boost)  
  46  4:08  Gateway  
  51  4:12  Probe  
  51  4:15  Probe  
  53  4:23  Probe  
  53  4:27  Probe  
  55  4:32  Assimilator  
  55  4:33  Probe  
  55  4:35  Robotics Facility  
  55  4:36  Assimilator  
  55  4:38  Phoenix (Chrono Boost)  
  58  4:40  Mothership Core  
  58  4:44  Probe  
  60  4:46  Pylon  
  60  4:51  Forge  
  60  4:52  Twilight Council  
  61  4:55  Probe x2 (Chrono Boost)  
  63  5:01  Probe (Chrono Boost)  
  65  5:07  Probe (Chrono Boost)  
  65  5:10  Probe (Chrono Boost)  
  65  5:12  Probe (Chrono Boost)  
  67  5:17  Sentry x2, Gateway x2  
  67  5:19  Probe (Chrono Boost), Adept  
  67  5:20  Gateway  
  67  5:21  Charge, Probe (Chrono Boost)  
  74  5:26  Probe (Chrono Boost)  
  74  5:28  Protoss Ground Weapons Level 1 (Chrono Boost)  
  76  5:29  Probe (Chrono Boost)  
  76  5:30  Warp Prism  
  76  5:32  Probe (Chrono Boost)  
  80  5:39  Pylon  
  80  5:40  Probe  
  81  5:45  Probe x2  
  83  5:50  Assimilator  
  83  5:53  Probe, Pylon  
  83  5:55  Assimilator  
  84  5:58  Pylon  
  84  6:00  Probe x2  
  84  6:03  Templar Archives  
  86  6:06  Probe  
  86  6:10  Gateway  
  87  6:11  Gateway  
  87  6:18  Probe x2  
  89  6:23  Probe  
  87  6:25  Zealot x4  
  95  6:33  Psionic Storm  
  95  6:39  Pylon x2  
  95  6:40  Probe x3  
  95  6:42  Pylon  
  95  6:45  Observer  
  99  6:54  Nexus  
  99  6:58  Pylon  
  99  6:59  Pylon  
  99  7:00  Pylon, High Templar x4  
  107  7:01  Pylon  
  107  7:11  High Templar  
  109  7:24  Immortal  
  109  7:26  Photon Cannon  
  113  7:30  Gateway x2  
  113  7:31  Robotics Facility  
  113  7:35  Pylon  
  113  7:37  Pylon  
  113  7:38  Photon Cannon  
  113  7:39  Photon Cannon  
  113  7:44  High Templar x2  
  117  7:52  Photon Cannon  
  117  7:55  Photon Cannon  
  117  7:56  High Templar  
  117  7:57  Photon Cannon  
  119  7:59  High Templar  
  119  8:00  Photon Cannon  
  119  8:03  Archon  
  121  8:07  Immortal  
  125  8:18  Zealot  
  127  8:24  Zealot x3  
  127  8:40  Immortal (Chrono Boost)  
  127  8:42  Protoss Ground Weapons Level 2  
  127  8:44  Immortal (Chrono Boost)  
  127  8:45  Zealot x8  
  141  8:51  Nexus  
  141  8:53  Photon Cannon  
  141  8:57  Pylon, Gateway  
  141  8:58  Gateway  
  141  9:10  Zealot x2, High Templar x2  
  141  9:12  High Templar x2  
  141  9:16  Archon  
  157  9:17  Archon  
  157  9:18  Immortal (Chrono Boost)  
  157  9:19  High Templar  
  159  9:26  Immortal (Chrono Boost)  
  159  9:29  Zealot  
  165  9:31  Photon Cannon  
  164  9:41  Zealot  
  164  9:42  Zealot  
  164  9:45  Zealot x4  
  170  9:56  Pylon  
  170  9:58  Pylon  
  170  9:59  Pylon  
  170  10:03  Immortal (Chrono Boost)  
  170  10:04  Immortal (Chrono Boost)  
  166  10:09  Stalker x3  
  168  10:27  Fleet Beacon  
  168  10:36  Probe  
  168  10:37  Probe x3, Assimilator  
  168  10:38  Immortal (Chrono Boost)  
  168  10:42  Assimilator  
  176  10:44  Zealot x3  
  176  10:45  Zealot  
  166  11:14  Immortal (Chrono Boost)  
  166  11:18  High Templar x4  
  166  11:19  High Templar x2  
  166  11:20  Zealot  
  166  11:21  Zealot x3  
  166  11:24  Warp Prism (Chrono Boost)  
  182  11:26  Archon x2  
  182  11:32  Photon Cannon  
  182  11:46  Nexus  
  182  11:48  Zealot x4, Immortal (Chrono Boost)  
  182  11:51  Stalker x3  
  196  12:09  Stalker x2  
  196  12:13  High Templar  
  199  12:20  Zealot x2  
  185  12:37  Protoss Ground Weapons Level 3  
  185  12:41  Protoss Air Weapons Level 1  
  185  12:52  Stargate  
  185  12:54  Stargate  
  185  12:55  Nexus  
  185  12:57  Stargate  
  185  12:59  Stargate  
  185  13:02  Graviton Catapult  
  185  13:08  Carrier (Chrono Boost)  
  191  13:18  Stalker x3  
  193  13:23  Pylon  
  193  13:25  Assimilator  
  185  13:29  Zealot  
  185  13:30  Observer, Assimilator  
  200  13:49  Carrier (Chrono Boost)  
  200  13:52  Carrier (Chrono Boost)  
  200  14:06  Photon Cannon  
  200  14:08  Photon Cannon  
  200  14:10  Photon Cannon  
  200  14:12  Photon Cannon  
  200  14:13  Photon Cannon  
  200  14:15  Photon Cannon  
  192  14:24  Zealot x4  
  176  14:42  Carrier x2 (Chrono Boost)  
  188  14:56  Carrier (Chrono Boost)  
  184  15:11  Protoss Air Weapons Level 2  
  184  15:18  Oracle (Chrono Boost)  
  184  15:30  Protoss Shields Level 1  
  178  16:01  Carrier (Chrono Boost)  
  185  16:11  High Templar x6  
  187  16:12  Carrier (Chrono Boost), High Templar  
  199  16:18  Archon x2  
  199  16:19  Archon  
  199  16:24  High Templar  
  200  16:31  Archon  
  194  17:29  Stalker x3  
  200  17:39  Nexus  
  198  17:52  High Templar x2  
  198  17:53  High Templar x2  
  198  17:56  Pylon  
  198  17:58  Archon x2  
  200  17:59  Pylon  
  200  18:02  Warp Prism  
  200  18:26  Observer  
  198  18:34  Photon Cannon  
  176  18:42  Oracle (Chrono Boost), High Templar x4  
  176  18:43  High Templar  
  176  18:44  High Templar x4  
  176  18:46  High Templar  
  199  18:49  Photon Cannon  
  199  18:51  Archon x4  
  199  18:54  Assimilator  
  199  18:58  Assimilator  
  191  20:01  Stalker x5  
  193  20:07  Archon x2  
  193  20:08  Stalker x3  
Tags
 
Add a new tag
Caveats
  • Supply blocks, unpowered buildings, or Contaminate may cause inaccurate times.
  • Supply counts are checked every 10 seconds.